 Dungeon Crawl Stone Soup version 0.30-a0-585-g93115170b9 (webtiles) character file.

Game seed: 3481726644967165805

94 bande the Covered (level 4, 29/29 HPs)
             Began as a Gargoyle Fighter on Jan 3, 2023.
             Quit the game on level 3 of the Dungeon.
             The game lasted 00:02:59 (1761 turns).

bande the Covered (Gargoyle Fighter)                Turns: 1761, Time: 00:02:59

Health: 29/29      AC:  7    Str: 20    XL:     4   Next: 63%
Magic:  4/4        EV:  8    Int:  8    God:
Gold:   107        SH:  8    Dex: 11    Spells: 3/3 levels left

rFire   x . .      SeeInvis +    a - +0 war axe
rCold   . . .      Faith    .    o - +0 kite shield
rNeg    + . .      Spirit   .    b - +0 scale mail
rPois   ∞          Reflect  .    (no helmet)
rElec   +          Harm     .    (no cloak)
rCorr   .          Rampage  .    (no gloves)
Will    .....                    (no boots) Stlth
                                 (no amulet)
HPRegen 0.24/turn                (no ring)
MPRegen 0.09/turn                (no ring)

@: no status effects
A: sickness immunity, AC +3, negative energy resistance 1, electricity
resistance, torment resistance 1, petrification resistance, see invisible,
deformed body, heat vulnerability 1, devolution 1
a: no special abilities


You were on level 3 of the Dungeon.
You visited 1 branch of the dungeon, and saw 3 of its levels.

You collected 107 gold pieces.

Inventory:

Hand Weapons
 a - a +0 war axe (weapon)
Armour
 b - a +0 scale mail (worn)
 o - a +0 kite shield (worn)
Potions
 d - a potion of might
 e - a potion of invisibility {unknown}
 g - 2 potions of curing
 h - a potion of brilliance {unknown}
 i - a potion of heal wounds {unknown}
 l - 2 potions of haste
 m - a potion of resistance {unknown}
 n - a potion of magic {unknown}


   Skills:
 + Level 3.9 Fighting
 + Level 3.0 Axes
 + Level 4.1 Armour
 + Level 0.2 Stealth
 + Level 3.7 Shields


You had 3 spell levels left.
You didn't know any spells.
Your spell library was empty.

Dungeon Overview and Level Annotations

Branches:
Dungeon (3/15)

Altars:

Shops:
D:1 *


Innate Abilities, Weirdness & Mutations

You are immune to sickness and miasma.
Your stone body is resilient. (AC +3)
You are immune to poison.
You resist negative energy. (rN+)
You are resistant to electric shocks. (rElec)
You are resistant to unholy torment.
You are immune to petrification.
You have supernaturally acute eyesight. (SInv)
Armour fits poorly on your strangely shaped body.
You are vulnerable to heat. (rF-)
You have hidden genetic defects.


Message History

You block the bullfrog's attack. The bullfrog hits you.
* * * LOW HITPOINT WARNING * * *
You barely miss the bullfrog.
The bullfrog is almost dead.
The bullfrog hits you.
* * * LOW HITPOINT WARNING * * *
The bullfrog hits you but does no damage.
The bullfrog barely misses you.
You completely miss the bullfrog.
The bullfrog is almost dead.
The bullfrog barely misses you. You block the bullfrog's attack.
You hit the bullfrog but do no damage.
The bullfrog is almost dead.
You block the bullfrog's attack.
The bullfrog hits you but does no damage.
You slash the bullfrog!
You kill the bullfrog!
Your Axes skill increases to level 3!
Your Armour skill increases to level 4!
You have reached level 4!
You feel stronger.
You start resting.
HP restored.
You start waiting.
Done waiting.
You start waiting.
Done waiting.
As you read the scroll of identify, it crumbles to dust.
f - 2 potions of mutation Really quaff the potion of mutation?
You feel extremely strange.
Large bone plates grow over parts of your arms.
You feel vulnerable to heat.
You feel stronger.
You feel a strange attunement to the structure of the dungeons.
Really quaff the potion of mutation?
You feel extremely strange.
You feel slightly disoriented.
You feel weaker.
Your large bone plates disappear.
Your body twists and deforms.
You feel a hidden malignance growing inside you.
Your vision sharpens.
Are you sure you want to abandon this character and quit the game? (Confirm with "yes".)

*
######.###########
#......)[.....#...
#.####.######.#.##
#.####.###<..#
#.#.# ,
..........÷.#.#
#.#.##
##.####.###...#
#..... *
#............#
#.#.##
#.####.####..#
#....# #@#
#..#####.#..# * *
* #.#
#........#..# *
#.# #...........#
, #.#
########....# #..
,, , ......... ,
#.# ** ######... ,
..# #... *### #..#
* #...


There were no monsters in sight!

Vanquished Creatures
  A bullfrog (D:3)
  A worm (D:2)
  4 endoplasms
  4 goblins
  5 hobgoblins
  3 kobolds
  2 ball pythons
  3 bats
  A frilled lizard (D:2)
  2 rats (D:1)
26 creatures vanquished.

Notes
Turn   | Place    | Note
-------+----------+-------------------------------------------
     0 | D:1      | bande the Gargoyle Fighter began the quest for the Orb.
     0 | D:1      | Reached XP level 1. HP: 14/14 MP: 1/1
     0 | D:1      | Noticed a tengu
     1 | D:1      | Noticed a tengu
     2 | D:1      | Noticed an octopode
     4 | D:1      | Noticed an octopode
     6 | D:1      | Noticed a dwarf
     7 | D:1      | Noticed a formicid
     8 | D:1      | Noticed a felid
    11 | D:1      | Noticed an ogre
    11 | D:1      | Noticed a spriggan
    13 | D:1      | Noticed a spriggan
    13 | D:1      | Noticed a troll
    15 | D:1      | Noticed a troll
    15 | D:1      | Noticed a draconian
    15 | D:1      | Noticed a merfolk
    17 | D:1      | Noticed a naga
    19 | D:1      | Noticed a demigod
    21 | D:1      | Noticed a formicid
   322 | D:1      | Found Zigana Yto's Assorted Antiques.
   328 | D:1      | Reached XP level 2. HP: 19/19 MP: 2/2
   862 | D:2      | Reached XP level 3. HP: 22/24 MP: 3/3
  1453 | D:3      | Noticed a bullfrog
  1470 | D:3      | Killed a bullfrog
  1471 | D:3      | Reached skill level 4 in Armour
  1471 | D:3      | Reached XP level 4. HP: 8/29 MP: 4/4
  1759 | D:3      | Gained mutation: You are partially covered in large bone
                  | plates. (SH +4) [potion of mutation]
  1759 | D:3      | Gained mutation: You are vulnerable to heat. (rF-) [potion
                  | of mutation]
  1759 | D:3      | Gained mutation: Your muscles are strong. (Str +4, Int/Dex
                  | -1) [potion of mutation]
  1759 | D:3      | Gained mutation: You passively map a small area around you.
                  | [potion of mutation]
  1760 | D:3      | Lost mutation: You passively map a small area around you.
                  | [potion of mutation]
  1760 | D:3      | Lost mutation: Your muscles are strong. (Str +4, Int/Dex
                  | -1) [potion of mutation]
  1760 | D:3      | Lost mutation: You are partially covered in large bone
                  | plates. (SH +4) [potion of mutation]
  1760 | D:3      | Gained mutation: Armour fits poorly on your strangely
                  | shaped body. [potion of mutation]
  1760 | D:3      | Gained mutation: You have hidden genetic defects. [potion
                  | of mutation]
  1760 | D:3      | Gained mutation: You have supernaturally acute eyesight.
                  | (SInv) [potion of mutation]
  1761 | D:3      | Quit the game

Illustrated notes

Levels and vault maps discovered:
D:1:      shiori_arrival_whats_in_store_for_you, layout_rooms, serial_shops,
          shop
D:2:      layout_rooms, serial_glass, glass_columns_a, glass_columns_c,
          corexii_item_surrounded_by_moat
D:3:      layout_loops_ring, corexii_corridor_pit

Skill      XL: |  1  2  3 |
---------------+----------+-----
Axes           | 2 3 |  3.0
Armour         | 4 |  4.1
Fighting       | |  3.9
Stealth        | |  0.2
Shields        | |  3.7

Action                   |  1- 3 |  4- 6 || total
-------------------------+-------+-------++-------
Melee: War axe           |    80 |       ||    80
  Use: Scroll            |     6 |     1 ||     7
       Potion            |       |     2 ||     2
Armor: Scale mail        |    49 |       ||    49
Dodge: Dodged            |    37 |       ||    37
Block: Buckler           |     9 |       ||     9
       Kite shield       |    13 |       ||    13

Table legend: (Time is in decaauts)
 A = Elapsed time spent in this place.
 B = Non-inter-level travel time spent in this place.
 C = Inter-level travel time spent in this place.
 D = Time resting spent in this place.
 E = Time spent auto-exploring this place.
 F = Levels seen in this place.
 G = Mean time per level.
                   A        B        C        D        E       F      G
               +--------+--------+--------+--------+--------+-----+--------+
         Total |   1799 |   1799 |      0 |    557 |    928 |   3 |  599.7 |
       Dungeon |   1799 |   1799 |      0 |    557 |    928 |   3 |  599.7 |
               +--------+--------+--------+--------+--------+-----+--------+

Top non-repeatable levels by time:
     D:3: 711 daAuts
     D:2: 685 daAuts
     D:1: 402 daAuts
